Map: Ruines de Seras

Players

TheilOo

  • Race: Zerg Zerg
  • League: Master

Faith - Winner!

  • Race: Zerg Zerg
  • League: Master

VOD

Have the link to the VOD?

Description

Time

  • Played on: Jan. 26, 2016, 12:40 p.m.
  • Length: 10:17
Show
View Real Time Build Order
Export as new Build Order

TheilOo Zerg 

Build Orders: Pool First 

Get SALT Encoding   

  12  0:01  Drone  
  13  0:12  Overlord  
  13  0:18  Drone  
  14  0:31  Drone x2  
  14  0:34  Drone  
  17  0:47  Spawning Pool  
  17  0:49  Drone  
  17  0:52  Extractor  
  16  0:58  Drone  
  17  1:19  Hatchery  
  17  1:21  Drone  
  17  1:26  Drone  
  18  1:37  Queen  
  20  1:41  Zergling x2  
  20  1:45  Zergling x2  
  22  1:53  Metabolic Boost  
  22  2:01  Overlord  
  22  2:05  Extractor  
  22  2:06  Drone  
  23  2:18  Queen  
  25  2:24  Zergling x4  
  27  2:35  Zergling x4  
  29  2:43  Zergling x2  
  30  2:50  Zergling x8  
  34  3:01  Roach Warren  
  33  3:06  Overlord  
  33  3:15  Drone  
  33  3:18  Drone x2  
  36  3:25  Drone x2  
  34  3:44  Drone  
  34  3:45  Drone x2  
  34  3:46  Drone x4  
  38  4:05  Overlord  
  38  4:06  Roach  
  38  4:07  Roach x2  
  42  4:16  Roach x2  
  44  4:19  Overlord x2  
  44  4:23  Drone  
  45  4:25  Drone  
  46  4:34  Drone x4  
  46  4:35  Drone x2  
  52  4:51  Roach x2, Extractor  
  52  4:52  Roach x2  
  59  5:08  Drone  
  59  5:09  Drone x2  
  62  5:15  Hatchery  
  62  5:17  Drone x5  
  62  5:20  Evolution Chamber  
  65  5:25  Lair  
  65  5:28  Overlord x2  
  65  5:37  Extractor  
  65  5:39  Roach  
  65  5:40  Roach  
  68  5:49  Roach  
  70  5:50  Roach x4  
  70  5:55  Spine Crawler  
  70  5:56  Roach  
  69  6:04  Roach x2  
  69  6:09  Roach x2  
  74  6:11  Zergling x10  
  74  6:12  Zergling x2  
  74  6:17  Roach  
  77  6:29  Roach x2  
  76  6:35  Roach  
  76  6:36  Glial Reconstitution, Queen  
  76  6:38  Roach, Zergling x4  
  76  6:39  Zergling x6  
  80  6:45  Roach x2  
  80  6:46  Roach  
  80  6:53  Roach  
  70  6:56  Queen  
  70  6:58  Roach  
  68  7:03  Roach  
  67  7:09  Overseer, Extractor  
  66  7:16  Drone  
  66  7:17  Drone  
  66  7:19  Zerg Missile Weapons Level 1  
  66  7:20  Drone  
  69  7:26  Hatchery  
  68  7:36  Roach x3  
  74  7:46  Roach x2  
  74  7:48  Overlord  
  74  7:50  Overlord  
  78  8:07  Roach x2  
  82  8:16  Roach x2  
  82  8:17  Roach x2  
  88  8:20  Roach x2  
  88  8:22  Overlord x3  
  92  8:46  Roach x7  
  106  8:50  Roach  
  112  8:55  Roach x2  
  112  8:56  Roach  
  114  9:07  Overlord  
  114  9:17  Overlord  
  114  9:26  Ravager x4  
  114  9:27  Ravager x4  
  122  9:35  Extractor  
  122  9:36  Drone x3  
  122  9:37  Drone x4  
  122  9:38  Drone x2  
  130  9:39  Overlord x2  
  130  9:43  Overseer  
  124  10:03  Hydralisk Den  
Show
View Real Time Build Order
Export as new Build Order

Faith Zerg - Winner!

Build Orders: Hatch First, Zergling Baneling 

Get SALT Encoding   

  12  0:01  Drone  
  13  0:13  Overlord  
  13  0:18  Drone  
  14  0:31  Drone x2  
  16  0:36  Drone  
  17  0:46  Drone  
  18  0:59  Hatchery  
  18  1:01  Extractor  
  18  1:03  Drone  
  17  1:18  Spawning Pool  
  17  1:22  Drone  
  17  1:25  Drone  
  18  1:30  Drone  
  19  1:39  Overlord  
  19  2:06  Queen  
  19  2:07  Baneling Nest, Zergling x4  
  22  2:11  Spine Crawler  
  22  2:15  Zergling x2  
  22  2:18  Zergling x2  
  23  2:24  Metabolic Boost  
  23  2:30  Drone  
  23  2:33  Drone  
  25  2:38  Drone  
  26  2:47  Queen  
  28  2:51  Baneling  
  28  2:52  Baneling  
  28  2:58  Drone x2  
  30  3:04  Drone x2  
  32  3:10  Overlord  
  32  3:21  Drone x2  
  32  3:22  Drone  
  35  3:28  Overlord  
  34  3:41  Zergling x2  
  34  3:42  Zergling x10  
  34  3:45  Baneling x3  
  40  3:52  Zergling x4  
  38  4:03  Drone x4  
  42  4:10  Queen  
  44  4:22  Extractor  
  43  4:24  Roach Warren  
  43  4:28  Overlord  
  42  4:33  Baneling x4  
  42  4:40  Overlord  
  42  4:57  Overlord  
  42  5:04  Roach x7  
  42  5:05  Roach  
  56  5:16  Roach x3  
  62  5:23  Zergling x2  
  62  5:24  Zergling x4  
  62  5:25  Zergling x2  
  66  5:32  Zergling x4  
  68  5:46  Zergling x12  
  73  5:55  Zergling x8  
  75  6:03  Zergling x2  
  76  6:14  Overlord x3  
  75  6:29  Zergling x2  
  75  6:30  Zergling x6  
  62  6:45  Drone x7  
  65  6:52  Drone  
  65  6:53  Drone  
  60  6:54  Lair  
  60  6:56  Extractor  
  60  6:59  Extractor  
  56  7:12  Drone x4  
  60  7:24  Roach  
  60  7:25  Roach x2  
  60  7:28  Roach  
  68  7:32  Hatchery  
  68  7:36  Ravager x2  
  68  7:37  Ravager x2  
  71  7:55  Spire  
  71  7:56  Roach x5  
  76  9:06  Mutalisk x7  
  76  9:07  Mutalisk x3  
  96  9:11  Overlord x5  
  96  9:14  Queen  
  96  9:15  Mutalisk  
  100  9:24  Drone x4  
  101  9:25  Extractor  
  101  9:30  Extractor  
  102  9:34  Mutalisk  
  105  9:38  Drone x3  
  105  9:44  Mutalisk  
  109  9:50  Mutalisk  
Tags
 
Add a new tag
Caveats
  • Supply blocks, unpowered buildings, or Contaminate may cause inaccurate times.
  • Supply counts are checked every 10 seconds.